 Dungeon Crawl Stone Soup version 0.30-a0-723-gc1506a1cf0 (webtiles) character file.

Game seed: 1809935492874544449

269 Zonian the Sneak (level 6, -1/30 (32) HPs)
             Began as a Vine Stalker Brigand on Jan 28, 2023.
             Slain by a gnoll
             ... wielding a +2 flail of draining
              (2 damage)
             ... on level 4 of the Dungeon.
             The game lasted 00:08:06 (3199 turns).

Zonian the Sneak (Vine Stalker Brigand)             Turns: 3199, Time: 00:08:07

HP:   -1/30 (32)    AC:  5    Str: 13    XL:     6   Next: 22%
MP:   0/7           EV: 13    Int: 11    God:
Gold: 315           SH:  0    Dex: 30    Spells: 5/5 levels left

rFire   . . .      SeeInvis .    a - +2 dagger
rCold   . . .      Faith    .    (no shield)
rNeg    . . .      Spirit   +    b - +0 robe
rPois   .          Reflect  .    (no helmet)
rElec   .          Harm     .    c - +0 cloak
rCorr   .          Rampage  .    l - +1 pair of gloves
Will    .....                    (no boots)
Stlth   ++++                     (no amulet)
HPRegen 1.05/turn                k - +6 ring of dexterity
MPRegen 0.10/turn                m - +6 ring of dexterity

@: hasted, drained, very quick
A: fangs 2, regeneration 1, magic shield, antimagic bite, no potion heal 2
a: no special abilities


You were on level 4 of the Dungeon.
You visited 1 branch of the dungeon, and saw 4 of its levels.

You collected 315 gold pieces.

Inventory:

Hand Weapons
 a - a +2 dagger (weapon)
 g - a +0 falchion
Missiles
 d - 11 poisoned darts (quivered)
 e - 3 curare-tipped darts
Armour
 b - a +0 robe (worn)
 c - a +0 cloak (worn)
 l - a +1 pair of gloves (worn)
Jewellery
 k - a +6 ring of dexterity (left hand)
 m - a +6 ring of dexterity (right hand)
Wands
 o - a wand of charming (14)
Scrolls
 f - 2 scrolls of poison
 n - 3 scrolls of identify
 p - a scroll of vulnerability {unknown}
Potions
 h - 3 potions of curing
 i - 2 potions of might
 q - 2 potions of attraction {unknown}
 r - a potion of flight {unknown}


   Skills:
 + Level 3.0 Fighting
 + Level 2.9 Short Blades
 + Level 3.0 Throwing
 + Level 2.1 Dodging
 + Level 5.9 Stealth


You had 5 spell levels left.
You didn't know any spells.
Your spell library contained the following spells:

 Spells                   Type           Power      Damage    Failure   Level
 Freeze                   Ice            0%         1d3       34%         1
 Frozen Ramparts          Ice            0%         1d1       71%         3
 Hailstorm                Conj/Ice       0%         3d3       71%         3


Dungeon Overview and Level Annotations

Branches:
Dungeon (4/15)
 Temple: D:4-7

Altars:
Ru


Innate Abilities, Weirdness & Mutations

You have extremely sharp teeth.
Your natural rate of healing is unusually fast.
When hurt, damage is shared between your health and your magic reserves.
Your bite disrupts and absorbs the magic of your enemies.
Potions cannot restore your health.


Message History

A hobgoblin comes into view.
A hobgoblin is nearby!
Unknown command.
The hobgoblin shouts!
A gnoll comes into view. It is wielding a +0 club.
Found an escape hatch in the ceiling.
A gnoll comes into view. It is wielding a +2 flail of draining.
A gnoll comes into view. It is wielding a +0 spear.
The hobgoblin barely misses you.
A gnoll comes into view. It is wielding a +0 halberd.
The gnoll shouts! x2
You hit the hobgoblin. You punch the hobgoblin. Your bite misses the hobgoblin.
The hobgoblin is severely wounded.
The hobgoblin closely misses you.
You hit the hobgoblin.
You kill the hobgoblin!
The gnoll hits you with a +0 club!
You hit the gnoll.
The gnoll is moderately wounded.
The gnoll completely misses you.
The gnoll hits you from afar with a +0 spear.
The gnoll closely misses you.
You hit the gnoll but do no damage.
The gnoll is moderately wounded.
The gnoll hits you from afar with a +0 spear!
The gnoll barely misses you. The gnoll hits you with a +0 club.
The gnoll hits you with a +2 flail of draining!
* * * LOW HITPOINT WARNING * * *
You feel drained.
* * * LOW HITPOINT WARNING * * *
Unknown command.
Okay, then.
Okay, then.
You feel yourself speed up.
The gnoll hits you from afar with a +0 spear.
* * * LOW HITPOINT WARNING * * *
The gnoll hits you with a +2 flail of draining.
* * * LOW HITPOINT WARNING * * *
You feel drained.
You die...

#.#.#### ######....##...#
#..#.# #<#.########
#........... #..#o#
###.........###.#..##...#.
#..#o#
#..................# ..#
#.g#o.
...................# .#
.............##.#####.#
..).#####.... #.......#
....# #.## #..#######
....# # #.@†...... ....#
#gg#.##### #.#.# #gg#.#
#.#.# .... # .#.# #...# .#
#.<.# # #...# . ....# #


You could see 4 gnolls.

Vanquished Creatures
  A scorpion (D:4)
  An orc priest (D:4)
  2 orc wizards
  2 gnolls (D:2)
  2 adders
  A worm (D:2)
  3 dart slugs
  10 orcs
  12 endoplasms
  4 giant cockroaches
  2 hobgoblins
  4 jackals (D:2)
  A quokka (D:2)
  7 ball pythons
  6 bats
  3 frilled lizards
  6 goblins
  3 kobolds
  4 rats
74 creatures vanquished.

Notes
Turn   | Place    | Note
-------+----------+-------------------------------------------
     0 | D:1      | Zonian the Vine Stalker Brigand began the quest for the
                  | Orb.
     0 | D:1      | Reached XP level 1. HP: 11/11 MP: 2/2
   349 | D:1      | Reached skill level 1 in Dodging
   349 | D:1      | Reached XP level 2. HP: 15/15 MP: 3/3
   435 | D:1      | Reached skill level 5 in Stealth
  1024 | D:2      | Found a faded altar of an unknown god.
  1031 | D:2      | Reached XP level 3. HP: 17/18 MP: 4/4
  1523 | D:2      | Gained mutation: Your natural rate of healing is unusually
                  | fast. [Vine Stalker growth]
  1523 | D:2      | Reached XP level 4. HP: 9/23 MP: 2/5
  1909 | D:3      | Noticed a steam dragon
  2166 | D:3      | Found a sacrificial altar of Ru.
  2391 | D:3      | Reached XP level 5. HP: 27/27 MP: 6/6
  2968 | D:4      | Reached XP level 6. HP: 32/32 MP: 5/7
  3199 | D:4      | HP: 1/31 [gnoll/+2 flail of draining (5)]
  3199 | D:4      | Slain by a gnoll

Illustrated notes

Levels and vault maps discovered:
D:1:      dpeg_arrival_circle_labyrinth_a, layout_loops_ring,
          minmay_misc_feat_rows
D:2:      layout_basic, shapermc_ecumenical_altar_starsandcircs
D:3:      layout_loops_cross, mainiacjoe_overflow_chevrons
D:4:      layout_basic, kiku_gazebo_garden_becter, minmay_temple_entry_poolview

Skill      XL: |  1  2  3  4  5  6 |
---------------+-------------------+-----
Dodging        | 1 2 |  2.1
Fighting       | 2 3 |  3.0
Throwing       | 2 3 |  3.0
Stealth        | 5 |  5.9
Short Blades   | 2 |  2.9

Action                     |  1- 3 |  4- 6 || total
---------------------------+-------+-------++-------
  Melee: Dagger            |    90 |    95 ||   185
         Bite              |    27 |    24 ||    51
         Punch             |     1 |     2 ||     3
  Throw: Dart              |     8 |     1 ||     9
    Use: Scroll            |       |     7 ||     7
         Potion            |       |     1 ||     1
   Stab: Sleeping          |    10 |     9 ||    19
         Distracted        |       |     1 ||     1
 Armour: Robe              |    21 |    27 ||    48
  Dodge: Dodged            |    33 |    32 ||    65

Table legend: (Time is in decaauts)
 A = Elapsed time spent in this place.
 B = Non-inter-level travel time spent in this place.
 C = Inter-level travel time spent in this place.
 D = Time resting spent in this place.
 E = Time spent auto-exploring this place.
 F = Levels seen in this place.
 G = Mean time per level.
                   A        B        C        D        E       F      G
               +--------+--------+--------+--------+--------+-----+--------+
         Total |   3174 |   3075 |     99 |    450 |   1596 |   4 |  793.5 |
       Dungeon |   3174 |   3075 |     99 |    450 |   1596 |   4 |  793.5 |
               +--------+--------+--------+--------+--------+-----+--------+

Top non-repeatable levels by time:
     D:2: 991 daAuts
     D:1: 953 daAuts
     D:3: 667 daAuts
     D:4: 562 daAuts
